 Dungeon Crawl Stone Soup version 0.27-a0-1497-gf8f22f7954 (webtiles) character file.

Game seed: 2305888116595697721

530 Lekart the Blocker (level 7, 0/59 HPs)
             Began as a Red Draconian Chaos Knight on July 7, 2021.
             Was a Plaything of Xom.
             Killed from afar by an orc wizard (8 damage)
             ... with a magic dart
             ... on level 4 of the Dungeon.
             The game lasted 00:05:22 (3132 turns).

Lekart the Blocker (Red Draconian Chaos Knight)     Turns: 3132, Time: 00:05:23

Health: 0/59       AC:  7    Str: 14    XL:     7   Next: 3%
Magic:  10/10      EV: 12    Int: 13    God:    Xom [......]
Gold:   123        SH:  0    Dex: 12    Spells: 10/10 levels left

rFire    + . .     SeeInvis .   a - +1 falchion (chaos)
rCold    . . .     Faith    .   (no shield)
rNeg     . . .     Spirit   .   (armour unavailable)
rPois    .         Reflect  .   (helmet restricted)
rElec    .         Harm     .   (no cloak)
rCorr    .         Rampage  .   j - +0 pair of gloves
Will     .....                  (no boots)
Stlth    +.........             (no amulet)
HPRegen  0.19/turn              (no ring)
MPRegen  0.12/turn              (no ring)

@: short of breath
A: breathe fire, AC +6, unfitting armour, fire resistance 1, cold-blooded
a: Breathe Fire, Renounce Religion


You were on level 4 of the Dungeon.
You worshipped Xom.
You were a very special plaything of Xom.
You visited 1 branch of the dungeon, and saw 4 of its levels.

You collected 146 gold pieces.
You spent 23 gold pieces at shops.

Inventory:

Hand Weapons
 a - a +1 falchion of chaos (weapon)
Missiles
 d - 24 poisoned darts (quivered)
Armour
 j - a +0 pair of gloves (worn)
Jewellery
 g - an amulet of magic regeneration
Wands
 h - a wand of mindburst (5)
Scrolls
 b - 2 scrolls of teleportation
Potions
 c - a potion of might
 e - a potion of invisibility
 f - 2 potions of heal wounds


   Skills:
 + Level 4.2 Fighting
 + Level 4.3 Long Blades
 + Level 1.1 Throwing
 + Level 3.0 Dodging
 + Level 10.3 Shields
 * Level 2.1 Spellcasting


You had 10 spell levels left.
You didn't know any spells.
Your spell library contained the following spells:

 Spells                   Type           Power      Damage    Failure   Level
 Blink                    Tloc           N/A        N/A       36%         2
 Manifold Assault         Tloc           1%         N/A       100%        5
 Storm Form               Tmut/Air       0%         N/A       100%        7


Dungeon Overview and Level Annotations

Branches:
Dungeon (4/15)
 Temple: D:4-7

Altars:

Shops:
D:2 *


Innate Abilities, Weirdness & Mutations

You can breathe blasts of fire.
Your fiery red scales are hard. (AC +6)
You cannot fit into any form of body armour.
Your flesh is heat resistant. (rF+)
You are cold-blooded and may be slowed by cold attacks.


Message History

Something hits your ogre zombie.
The orc wizard hits your ogre zombie with a +0 dagger.
Something hits your ogre zombie.
Your ogre zombie is destroyed!
The orc wizard closely misses you.
You riposte.
You hit the orc wizard but do no damage.
You tail-slap the orc wizard.
The orc wizard is lightly wounded.
You slash the orc wizard! You tail-slap the orc wizard.
The orc wizard is severely wounded.
You are now a very special plaything of Xom.
The orc warrior hits you from afar with a +0 trident!
The orc wizard closely misses you.
You riposte.
You hit the orc wizard.
The orc wizard is poisoned.
You tail-slap the orc wizard, but do no damage.
The orc wizard is almost dead.
You hit the orc wizard. You burn the orc wizard.
You kill the orc wizard!
The orc warrior hits you from afar with a +0 trident.
Your Dodging skill increases to level 3!
You have reached level 7!
Your scales start taking on a fiery red colour.
You learn Fire Magic much quicker.
You learn Ice Magic much slower.
You can breathe blasts of fire.
You feel resistant to heat.
Press: ? - help, Shift-Dir - straight line, f - orc warrior
Aim: an orc warrior, wielding a +0 trident and wearing a +0 chain mail You breathe a blast of fire.
The fiery breath hits the orc wizard.
The orc wizard is moderately wounded.
The fiery breath misses the orc warrior.
The orc warrior is engulfed in blazing flames.
The orc warrior completely misses you.
The orc wizard hits you but does no damage.
The orc warrior is engulfed in blazing flames.
The orc warrior hits you from afar with a +0 trident!
* * * LOW HITPOINT WARNING * * *
The orc wizard shouts noisily.
The orc wizard points at you and mumbles some strange words.
The magic dart hits you!
You die...

######.# .# # #.# #.# #.#
#! ##.# #.# #.. ..... #.#
#.# ...K... #!# #.#
#........ #.#
#.####........ #.#
#..oo#........ ######.#
#.@#.......... #......#
#..#o...o.....
#.####.#####<.#...o......
#.####........#(...?.....
#....'........#..).......
######........#..........
#........#......."..
#........###########
#........#


You could see an orc warrior and an orc wizard.

Vanquished Creatures
  A water moccasin (D:2)
  An ogre (D:4)
  A scorpion (D:3)
  Jessica (D:2)
  3 orc wizards
  Robin (D:2)
  3 adders
  3 worms
  A dart slug (D:3)
  6 orcs (D:3)
  5 ball pythons
  7 endoplasms
  A giant cockroach (D:3)
  8 hobgoblins
  8 jackals
  5 bats
  4 frilled lizards
  15 goblins
  6 kobolds
  3 rats
83 creatures vanquished.

Vanquished Creatures (others)
  9 plants (D:3)
9 creatures vanquished.

Grand Total: 92 creatures vanquished

Notes
Turn   | Place    | Note
-------+----------+-------------------------------------------
     0 | D:1      | Lekart the Draconian Chaos Knight began the quest for the
                  | Orb.
     0 | D:1      | Reached XP level 1. HP: 19/19 MP: 1/1
   214 | D:1      | XOM: noise
   360 | D:1      | XOM: cloud trail
   548 | D:1      | Reached XP level 2. HP: 24/26 MP: 2/2
   619 | D:1      | Found a faded altar of an unknown god.
   689 | D:2      | Noticed Jessica
   694 | D:2      | Killed Jessica
   695 | D:2      | Reached XP level 3. HP: 32/33 MP: 2/4
   798 | D:2      | Found Xuruas's Assorted Antiques.
   895 | D:2      | Noticed Robin
   898 | D:2      | XOM: silly message
   967 | D:2      | XOM: potion effect (experience)
   967 | D:2      | Reached skill level 10 in Shields
   967 | D:2      | Reached XP level 4. HP: 40/40 MP: 5/5
   969 | D:2      | Killed Robin
  1001 | D:2      | XOM: divination: detect items
  1117 | D:2      | XOM: silly message
  1147 | D:2      | XOM: 2-stop teleportation journey
  1301 | D:2      | Reached skill level 1 in Spellcasting
  1323 | D:2      | Reached XP level 5. HP: 42/46 MP: 6/6
  1340 | D:2      | XOM: silly message
  1761 | D:2      | Bought a bubbling dark potion for 23 gold pieces
  1824 | D:3      | XOM: noise
  1830 | D:3      | Noticed a water moccasin
  1832 | D:3      | XOM: cast spell 'Death Channel'
  1849 | D:2      | XOM: repel stairs
  1853 | D:2      | XOM: potion effect (curing)
  1855 | D:2      | XOM: potion effect (brilliance)
  1872 | D:2      | Killed a water moccasin
  1873 | D:2      | Reached XP level 6. HP: 33/52 MP: 6/8
  2155 | D:3      | XOM: confuse monster(s)
  2257 | D:3      | Reached skill level 1 in Throwing
  2259 | D:3      | XOM: 8-stop teleportation journey
  2404 | D:3      | XOM: silly message
  3112 | D:4      | XOM: 1-stop teleportation journey
  3113 | D:4      | Noticed an orc warrior
  3121 | D:4      | XOM: blink monster(s)
  3131 | D:4      | Your scales start taking on a fiery red colour.
  3131 | D:4      | Reached XP level 7. HP: 22/59 MP: 10/10
  3131 | D:4      | Gained mutation: Your flesh is heat resistant. (rF+) [Red
                  | Draconian growth]
  3132 | D:4      | Killed from afar by an orc wizard

Illustrated notes

Levels and vault maps discovered:
D:1:      dpeg_arrival_round_c, layout_basic, basic_ecumenical_altar,
          minmay_cupped
D:2:      minmay_chambers_of_ones, layout_loops_cross, serial_shops,
          nicolae_lakefront_shop, uniq_jessica, uniq_robin
D:3:      layout_loops_ring, serial_bayou, serial_bayou_shore_b,
          serial_bayou_lake_a, serial_bayou_pond_b, serial_bayou_lagoon_b,
          serial_bayou_pond_e, minmay_misc_feat_columns, minmay_fountain_box
D:4:      layout_basic

Skill      XL: |  1  2  3  4  5  6 |
---------------+-------------------+-----
Fighting       | 4 |  4.2
Shields        | 10 | 10.3
Spellcasting   | 1 2 |  2.1
Long Blades    | 4 |  4.3
Throwing       | 1 |  1.1
Dodging        | 3 |  3.0

Action                   |  1- 3 |  4- 6 |  7- 9 || total
-------------------------+-------+-------+-------++-------
Melee: Falchion          |    40 |   182 |       ||   222
       Tailslap          |     5 |    24 |       ||    29
Throw: Dart              |     4 |    23 |       ||    27
 Abil: Breathe Fire      |       |       |     1 ||     1
  Use: Scroll            |     6 |     4 |       ||    10
       Potion            |       |     3 |       ||     3
 Stab: Sleeping          |       |     1 |       ||     1
       Petrified         |       |     3 |       ||     3
       Petrifying        |       |     1 |       ||     1
Armor: Skin              |     9 |    91 |     1 ||   101
Dodge: Dodged            |    20 |   120 |     1 ||   141
       Rpst.: Falchion   |     5 |    35 |       ||    40

Table legend: (Time is in decaauts)
 A = Elapsed time spent in this place.
 B = Non-inter-level travel time spent in this place.
 C = Inter-level travel time spent in this place.
 D = Time resting spent in this place.
 E = Time spent auto-exploring this place.
 F = Levels seen in this place.
 G = Mean time per level.
                   A        B        C        D        E       F      G
               +--------+--------+--------+--------+--------+-----+--------+
         Total |   3222 |   3070 |    152 |    282 |   2208 |   4 |  805.5 |
       Dungeon |   3222 |   3070 |    152 |    282 |   2208 |   4 |  805.5 |
               +--------+--------+--------+--------+--------+-----+--------+

Top non-repeatable levels by time:
     D:2: 1263 daAuts
     D:3: 1117 daAuts
     D:1: 740 daAuts
     D:4: 101 daAuts
